 Dungeon Sprint DCSS version 0.28-a0-909-g796cbd3a86 (webtiles) character file.

Game seed: 15403092451818435839

708 kae the Skirmisher (level 7, -6/79 HPs)
             Began as a Green Draconian Transmuter on Nov 24, 2021.
             Was a Follower of Okawaru.
             Mangled by a sun demon (19 damage)
             ... summoned by a kobold demonologist
             ... in the Dungeon (Sprint I: "Red Sonja").
             The game lasted 00:01:28 (928 turns).

kae the Skirmisher (Green Draconian Transmuter)      Turns: 928, Time: 00:01:29

Health: -6/79      AC:  7    Str: 14    XL:     7   Next: 40%
Magic:  13/17      EV: 11    Int: 14    God:    Okawaru [*.....]
Gold:   421        SH:  0    Dex: 11    Spells: 11/19 levels left

rFire   x . .      SeeInvis .     - Unarmed
rCold   + + +      Faith    .   (shield currently unavailable)
rNeg    . . .      Spirit   .   (armour unavailable)
rPois   +          Reflect  .   (helmet currently unavailable)
rElec   .          Harm     .   (cloak currently unavailable)
rCorr   .          Rampage  .   (gloves currently unavailable)
Will    .....      NoTele   +   (boots currently unavailable)
Stlth   +.........              (no amulet)
HPRegen 0.23/turn               (no ring)
MPRegen 0.15/turn               (no ring)

@: short of breath, ice-form
A: freezing attack, amphibious, boosted hp, (breathe noxious fumes), AC +6,
large, unfitting armour, (poison resistance), (cold-blooded)
a: End Transformation, Renounce Religion, Heroism


You were in the Dungeon.
You worshipped Okawaru.
Okawaru was aware of your devotion.
You were a creature of crystalline ice.
You visited 1 branch You collected 421 gold pieces.

Inventory:

Wands
 c - a wand of digging (5)
Scrolls
 f - a scroll of blinking
Potions
 a - 2 potions of curing
 b - a potion of heal wounds
 d - 2 potions of magic


   Skills:
 + Level 7.5 Fighting
 + Level 6.5 Dodging
 + Level 7.4 Unarmed Combat
 + Level 6.7 Spellcasting
 + Level 7.0 Transmutations
 + Level 5.2 Ice Magic


You had 11 spell levels left.
You knew the following spells:

 Your Spells              Type           Power      Damage    Failure   Level
a - Beastly Appendage     Tmut           48%        N/A       1%          1
b - Spider Form           Tmut/Pois      14%        N/A       11%         3
c - Ice Form              Ice/Tmut       21%        N/A       12%         4

Your spell library contained the following spells:

 Spells                   Type           Power      Damage    Failure   Level
 Wereblood                Tmut           24%        N/A       1%          2


Dungeon Overview and Level Annotations

Branches:
Dungeon (1/1)

Altars:
Cheibriados
Dithmenos
Elyvilon
Fedhas
Gozag
Hepliaklqana
Kikubaaqudgha
Makhleb
Nemelex Xobeh
Okawaru
Qazlal
Ru
Sif Muna
Trog
Uskayaw
Vehumet
Wu Jian
Xom
Yredelemnul
Zin
The Shining One
Jiyva
Lugonu

Shops:
D [


Innate Abilities, Weirdness & Mutations

You are a creature of crystalline ice.
You have a powerful freezing melee attack.
You are amphibious.
Your maximum health is increased.
Your armour is entirely melded.
You are incapable of wielding weapons or throwing items.
((You can breathe blasts of noxious fumes.))
((Your lurid green scales are hard. (AC +6)))
You cannot fit into any form of body armour.
((Your system is resistant to poisons. (rPois)))
((You are cold-blooded and may be slowed by cold attacks.))


Message History

The kobold demonologist appears confused.
The kobold demonologist barely misses something.
The kobold demonologist is engulfed in noxious fumes.
You punch the floating eye! You freeze the floating eye.
You kill the floating eye!
Okawaru accepts your kill.
You can now gain great but temporary skills.
The kobold demonologist is engulfed in noxious fumes.
The kobold demonologist appears confused.
The kobold demonologist cries.
The kobold demonologist is engulfed in noxious fumes.
The kobold demonologist completely misses something.
You hear a shout!
Your Transmutations skill increases to level 7!
Your Ice Magic skill increases to level 5!
You pummel the crimson imp!! You freeze the crimson imp.
You kill the crimson imp!
The crimson imp disappears in a puff of smoke!
The kobold demonologist is engulfed in noxious fumes.
The kobold demonologist closely misses something.
You completely miss the sun demon.
The kobold demonologist barely misses something.
The sun demon hits you!!
You are engulfed in flames!
The fire burns you terribly!
You closely miss the sun demon. The sun demon closely misses you.
You hear a shout!
You barely miss the sun demon. The sun demon hits you!
You are engulfed in flames!!
The fire burns you terribly!
* * * LOW HITPOINT WARNING * * *
You hear a shout!
You punch the sun demon! You freeze the sun demon!
The sun demon is moderately wounded.
The sun demon barely misses you.
The kobold demonologist hits something with a +0 dagger.
The crimson imp blinks!
You hear a shout!
You completely miss the sun demon.
The sun demon is moderately wounded.
The sun demon hits you!!
You die...

######################
..'..#.)'..#__#..3§K.#
..#.)'..#..'..'.Y#
####'#####'#__####
###..#...#.####
__####..##.#
_____##'#_.+
_.∩...'..._#
_..__##_.#'#
_____###+#.# ######
###


You could see a sun demon (summoned) and a kobold demonologist (confused).

Vanquished Creatures
  A slime creature (D)
  Sigmund (D)
  A yak (D)
  A floating eye (D)
  An ogre (D)
  A jelly (D)
  Ijyb (D)
7 creatures vanquished.

Notes
Turn   | Place    | Note
-------+----------+-------------------------------------------
     0 | D        | kae the Draconian Transmuter began the quest for the Orb.
     0 | D        | Reached XP level 1. HP: 16/16 MP: 3/3
     1 | D        | Noticed Ijyb
    26 | D        | Killed Ijyb
    27 | D        | Reached XP level 2. HP: 10/25 MP: 4/6
   222 | D        | Noticed an ogre
   227 | D        | Killed an ogre
   228 | D        | Reached skill level 5 in Unarmed Combat
   228 | D        | Reached XP level 3. HP: 34/34 MP: 5/8
   228 | D        | Reached XP level 4. HP: 41/41 MP: 6/10
   260 | D        | Learned a level 3 spell: Spider Form
   266 | D        | Learned a level 4 spell: Ice Form
   275 | D        | Noticed Sigmund
   290 | D        | Killed Sigmund
   291 | D        | Reached skill level 5 in Fighting
   291 | D        | Reached skill level 5 in Dodging
   291 | D        | Reached skill level 5 in Spellcasting
   291 | D        | Reached skill level 5 in Transmutations
   291 | D        | Reached XP level 5. HP: 36/50 MP: 7/12
   388 | D        | Found an ornate altar of the Wu Jian Council.
   388 | D        | Found a shimmering blue altar of Sif Muna.
   391 | D        | Found a radiant altar of Vehumet.
   399 | D        | Reached XP level 6. HP: 30/57 MP: 8/14
   542 | D        | Found Pukemud's Armour Emporium.
   542 | D        | Found an ancient bone altar of Kikubaaqudgha.
   542 | D        | Found a hazy altar of Hepliaklqana.
   542 | D        | Found a stormy altar of Qazlal.
   542 | D        | Found a hide-covered altar of Uskayaw.
   542 | D        | Found a blossoming altar of Fedhas.
   542 | D        | Found a bloodstained altar of Trog.
   542 | D        | Found an iron altar of Okawaru.
   542 | D        | Found a basalt altar of Yredelemnul.
   542 | D        | Found a glowing golden altar of the Shining One.
   542 | D        | Found a snail-covered altar of Cheibriados.
   542 | D        | Found a sacrificial altar of Ru.
   542 | D        | Found a glowing silver altar of Zin.
   542 | D        | Found a shadowy altar of Dithmenos.
   542 | D        | Found a white marble altar of Elyvilon.
   542 | D        | Noticed a yak
   549 | D        | Killed a yak
   550 | D        | Found an opulent altar of Gozag.
   551 | D        | Found a sparkling altar of Nemelex Xobeh.
   585 | D        | Became a worshipper of Warmaster Okawaru
   786 | D        | Found a viscous altar of Jiyva.
   786 | D        | Found a corrupted altar of Lugonu.
   786 | D        | Noticed a slime creature
   791 | D        | Killed a slime creature
   792 | D        | Your scales start taking on a lurid green colour.
   792 | D        | Reached XP level 7. HP: 64/66 MP: 11/16
   792 | D        | Gained mutation: Your system is resistant to poisons.
                  | (rPois) [Green Draconian growth]
   858 | D        | Found a burning altar of Makhleb.
   858 | D        | Found a shimmering altar of Xom.
   915 | D        | Noticed a kobold demonologist
   917 | D        | Noticed a kobold demonologist
   920 | D        | Reached * piety under Okawaru
   921 | D        | Reached skill level 5 in Ice Magic
   921 | D        | Noticed a sun demon
   928 | D        | Mangled by a sun demon

Illustrated notes

Levels and vault maps discovered:
D:        dungeon_sprint_1 [red_sonja_temple_1, red_sonja_temple_small_1]

Skill      XL: |  1  2  3  4  5  6  7 |
---------------+----------------------+-----
Fighting       | 2 4 5 7 |  7.5
Dodging        | 2 4 5 6 |  6.5
Spellcasting   | 3 4 5 6 |  6.7
Transmutations | 3 4 5 6 7 |  7.0
Unarmed Combat | 5 6 7 |  7.4
Ice Magic      | 3 4 5 |  5.2

Action                   |  1- 3 |  4- 6 |  7- 9 || total
-------------------------+-------+-------+-------++-------
Melee: Unarmed           |    26 |    25 |     7 ||    58
       Kick              |     6 |       |       ||     6
       Headbutt          |     3 |       |       ||     3
 Cast: Beastly Appendage |     2 |       |       ||     2
       Spider Form       |       |     2 |       ||     2
       Ice Form          |       |     2 |     2 ||     4
 Abil: Breathe Noxious F |       |       |     1 ||     1
  Use: Potion            |     2 |       |       ||     2
       Scroll            |       |       |     1 ||     1
Armor: Skin              |     4 |     2 |       ||     6
Dodge: Dodged            |     8 |    12 |     2 ||    22

Table legend: (Time is in decaauts)
 A = Elapsed time spent in this place.
 B = Non-inter-level travel time spent in this place.
 C = Inter-level travel time spent in this place.
 D = Time resting spent in this place.
 E = Time spent auto-exploring this place.
 F = Levels seen in this place.
 G = Mean time per level.
                   A        B        C        D        E       F      G
               +--------+--------+--------+--------+--------+-----+--------+
         Total |    914 |    914 |      0 |    715 |      0 |   1 |  914.0 |
       Dungeon |    914 |    914 |      0 |    715 |      0 |   1 |  914.0 |
               +--------+--------+--------+--------+--------+-----+--------+

Top non-repeatable levels by time:
       D: 914 daAuts
